[Event "Skilling Open CCT 2021"]
[Site "Online"]
[Date "2020.11.19"]
[Round "15.6"]
[White "Aronian, Levon"]
[Black "Nakamura, Hikaru"]
[Result "1/2-1/2"]
[ECO "C67"]
[WhiteElo "2778"]
[BlackElo "2829"]
[Annotator "RC"]
[PlyCount "66"]
[EventDate "2020.11.20"]
[EventType "tourn"]
[EventCountry "NET"]
[Tiebreak "Koya+Number of black wins+Number of wins"]
[SourceTitle "playchess.com"]
[Source "ChessBase"]
[SourceQuality "1"]
[TimeControl "900+10"]

1. e4 e5 2. Nf3 Nc6 3. Bb5 Nf6 4. O-O Nxe4 5. Re1 Nd6 6.
Nxe5 Be7 7. Bf1 Nxe5 8. Rxe5 O-O 9. d4 Ne8 10. Re1 d5 11.
Bf4 Bd6 12. Bxd6 Nxd6 13. Bd3 Bf5 14. Bxf5 Nxf5 15. c3 Re8 16. Nd2 c6 17. Rxe8+ Qxe8 18. Nf3 f6 19. Qc2 Qd7 20. Re1 Nd6 21. Nd2 Re8 22. Rxe8+ Qxe8 23. Kf1 Qe6 24. h3 Qf5 25. Qxf5 Nxf5 26. Ke2 Nd6 27. Nb3 b6 28. Nc1 Kf7 29. Nd3 Ke7 30. Nf4 Nc4 31. Nd3 Nd6 32. Nf4 Nc4 33. Nd3 Nd6 1/2-1/2

[Event "Skilling Open CCT 2021"]
[Site "Online"]
[Date "2020.11.19"]
[Round "15.7"]
[White "Duda, Jan-Krzysztof"]
[Black "Karjakin, Sergey"]
[Result "0-1"]
[ECO "D37"]
[WhiteElo "2774"]
[BlackElo "2709"]
[Annotator "RC"]
[PlyCount "132"]
[EventDate "2020.11.20"]
[EventType "tourn"]
[EventCountry "NET"]
[Tiebreak "Koya+Number of black wins+Number of wins"]
[SourceTitle "playchess.com"]
[Source "ChessBase"]
[SourceQuality "1"]
[TimeControl "900+10"]

1. d4 Nf6 2. c4 e6 3. Nf3 d5 4. Nc3 Be7 5. Bf4 O-O 6. e3 Nbd7 7. Be2 dxc4 8.
O-O c5 9. dxc5 Nxc5 10. Bxc4 Qxd1 11. Rfxd1 b6 12. Ne5 Bb7 13. f3 Nh5 14. b4 Na6 15. a3 Nb8 16. Nb5 g5 17. Bg3 Nxg3 18.
hxg3 Nc6 19. Nxf7 Kxf7 20. Nc7 Kf6 21. Nxa8 Bxa8 22. Rac1 a5 23. Bb5 Ne5 24. Rc7 axb4 25. axb4 Bxb4 26. Rxh7 Bc5 27. Rh6+ Ke7 28. Rh7+ Rf7 29. Rxf7+ Nxf7 30. Kf2 Nd6 31.
Bd3 Nf5 32. Bxf5 exf5 33. Ke2 Bc6 34. Rh1 Be8 35. Rh7+ Bf7 36.
Kd3 b5 37. e4 fxe4+ 38. Kxe4 b4 39. Kd3 b3 40. Kc3 Bf2 41.
f4 g4 42. Rh4 Kf6 43. Rh6+ Kf5 44. Rh7 Kg6 45. Rh4 Be1+ 46. Kb2 Be6 47. Rxg4+ Bxg4 48. f5+ Kxf5 49. Kxb3 Bxg3 50. Kc4 Ke4 51. Kc5 Be2 52. Kc6 Bf1 53. Kc5 Bxg2 54. Kc4 Be5 55. Kc5 Kd3 56. Kb5 Bd4 57. Kb4 Bc6 58. Ka5 Kc4 59. Ka6 Bc3 60. Kb6 Kd5 61. Kc7 Kc5 62. Kc8 Kb6 63. Kd8 Bf6+ 64. Kc8 Bb5 65. Kb8 Bd7 66. Ka8 Bg7 0-1

[Event "Skilling Open CCT 2021"]
[Site "Online"]
[Date "2020.11.19"]
[Round "15.8"]
[White "Ding, Liren"]
[Black "Giri, Anish"]
[Result "1/2-1/2"]
[ECO "A11"]
[WhiteElo "2836"]
[BlackElo "2731"]
[Annotator "RC"]
[PlyCount "125"]
[EventDate "2020.11.20"]
[EventType "tourn"]
[EventCountry "NET"]
[Tiebreak "Koya+Number of black wins+Number of wins"]
[SourceTitle "playchess.com"]
[Source "ChessBase"]
[SourceQuality "1"]
[TimeControl "900+10"]

1. c4 Nf6 2. g3 c6 3. Bg2 d5 4. Nf3 dxc4 5. O-O Nbd7 6. Na3 Nb6 7. Qc2 Be6 8. Ne5 h5 9. Naxc4 Nxc4 10. Nxc4 h4 11. Ne5 hxg3 12. hxg3 Qd4 13. Qc3 Qd6 14. d4 Rd8 15. Qa5 Bh3 16. Qxa7 Bxg2 17. Kxg2 Qxd4 18. Qxd4 Rxd4 19. Be3 Rd5 20. f4 g5 21. a4 gxf4 22. gxf4 Nd7 23. Nc4 Bg7 24. Rad1 b5 25. axb5 Rxb5 26. Rd2 Nf6 27. Ra1 Nd5 28. Ra8+ Kd7 29. Rxh8 Bxh8 30. Kf3 Rb4 31. Nb6+ Ke6 32. Nxd5 cxd5 33. Bc5 Rb3+ 34. e3 Bxb2 35. f5+ Kxf5 36. Rxd5+ e5 37. Ba7 Ke6 38. Ra5 Bd4 39. Bxd4 exd4 40. Ke4 Rxe3+ 41. Kxd4 Re1 42. Ra2 f6 43. Rb2 Kf7 44. Rf2 Kg6 45. Rg2+ Kh5 46. Rf2 Kg5 47. Rg2+ Kf5 48. Rf2+ Ke6 49. Ra2 Ke7 50. Ra7+ Ke6 51. Ra2 f5 52. Ra6+ Kf7 53. Kd3 Kg7 54. Kd2 Re5 55. Kd3 Kf7 56. Rb6 Re7 57. Ra6 Kg7 58. Rb6 f4 59. Rb4 f3 60. Rf4 Rf7 61. Rxf7+ Kxf7 62. Ke3 f2 63. Kxf2 1/2-1/2